 Dungeon Crawl Stone Soup version 0.26.1-10-gdfb7c7de75 (webtiles) character file.

Game seed: 15834448883427970497

28653 Welwordion the Blinker (level 13, -12/57 HPs)
             Began as a Spriggan Warper on Apr 7, 2021.
             Was a High Priest of Ashenzari.
             Mangled by a spatial maelstrom (20 damage)
             ... on level 1 of the Abyss on Apr 8, 2021.
             The game lasted 03:29:26 (17090 turns).

Welwordion the Blinker (Spriggan Warper)           Turns: 17090, Time: 03:29:27

Health: -12/57     AC: 13    Str:  7    XL:     13   Next: 10%
Magic:  3/32       EV: 32    Int: 21    God:    Ashenzari [*****.]
Gold:   631        SH:  0    Dex: 16    Spells: 30/40 levels left

rFire    . . .     SeeInvis +   D - +4 quarterstaff (chaos)
rCold    . . .     Faith    .   (shield currently unavailable)
rNeg     . . .     Spirit   .   b - +2 robe (curse)
rPois    .         Reflect  .   s - +2 hat (curse)
rElec    .         Harm     .   E - +2 cloak (curse)
rCorr    .         Rampage  .   (gloves unavailable)
Will     +++..     Clarity  +   (boots unavailable)
Stlth    ++........             L - amulet of Qek Jugg {Acrobat Int+2} (curse)
HPRegen  0.19/turn              y - ring of willpower (curse)
MPRegen  0.23/turn              A - +4 ring of protection

@: very quick
A: very small, unfitting armour, see invisible, speed 3
a: Renounce Religion, Curse Item, Scrying, Transfer Knowledge


You were on level 1 of the Abyss.
You worshipped Ashenzari.
Ashenzari was extremely pleased with you.
You visited 3 branches of the dungeon, and saw 15 of its levels.
You visited the Abyss 1 time.

You collected 961 gold pieces.
You spent 330 gold pieces at shops.

Inventory:

Hand Weapons
 h - a +0 hunting sling of flaming
 k - the +4 quarterstaff "Lidiwot" {pain, *Slow +Rage +Fly SInv}
   (You found it on level 5 of the Lair of Beasts)

   In the hands of one skilled in necromantic magic, it inflicts extra damage on
   living creatures.
   It lets you see invisible.
   It lets you fly.
   It lets you go berserk.
   It may slow you when you take damage.
 l - a +3 morningstar
 C - a +4 dagger of distortion
 D - a +4 quarterstaff of chaos (weapon)
Missiles
 e - 5 boomerangs of dispersal
 n - 43 poisoned darts (quivered)
 v - 88 sling bullets
 P - 2 atropa-tipped darts
 W - 11 javelins
Armour
 a - a +0 buckler
 b - a cursed +2 robe (worn)
 s - a cursed +2 hat (worn)
 E - a cursed +2 cloak (worn)
Magical Staves
 c - an uncursed staff of conjuration
Jewellery
 y - a cursed ring of willpower (left hand)
 A - a +4 ring of protection (right hand)
 L - the cursed amulet of Qek Jugg (around neck) {Acrobat Int+2}
   (You found it on level 5 of the Dungeon)

   [amulet of the acrobat]

   It helps you evade while moving and waiting.
   It affects your intelligence (+2).
   It has a curse placed upon it.
 Y - an uncursed ring of protection from fire
Wands
 g - a wand of digging (7)
 t - a wand of random effects (22)
 B - a wand of iceblast (8)
 K - a wand of flame (24)
 T - a wand of polymorph (9)
 U - a wand of disintegration (15)
Scrolls
 d - 5 scrolls of blinking
 f - a scroll of fog
 j - 3 scrolls of amnesia
 q - 2 scrolls of remove curse
 u - a scroll of acquirement {unknown}
 w - 10 scrolls of teleportation
 H - 4 scrolls of magic mapping
 I - 2 scrolls of summoning {unknown}
 J - 11 scrolls of identify
 O - a scroll of immolation
 Q - 2 scrolls of brand weapon {unknown}
 S - a scroll of silence {unknown}
 V - a scroll of vulnerability {unknown}
 X - 2 scrolls of holy word {unknown}
 Z - 2 scrolls of random uselessness {unknown}
Potions
 i - 3 potions of berserk rage
 m - a potion of attraction {unknown}
 o - 3 potions of lignification
 p - 2 potions of magic
 r - 5 potions of flight
 x - a potion of mutation {unknown}
 z - 2 potions of curing
 F - a potion of cancellation
 M - a potion of experience {unknown}
 N - a potion of resistance {unknown}
 R - a potion of ambrosia {unknown}


   Skills:
 - Level 1.5 Fighting
 - Level 2.1 Short Blades
 - Level 1.0 Throwing
 + Level 12.9(16.5) Dodging
 + Level 14.1 Spellcasting
 - Level 0.1(0.5) Conjurations
 * Level 20.8(22.7) Translocations
 + Level 5.6(8.3) Evocations


You had 30 spell levels left.
You knew the following spells:

 Your Spells              Type           Power        Failure   Level
a - Blink                 Tloc           N/A          0%          2
b - Gell's Gravitas       Tloc           41%          0%          3
c - Apportation           Tloc           100%         0%          1
d - Iskenderun's Mystic   Conj/Tloc      59%          1%          4

Your spell library contained the following spells:

 Spells                   Type           Power        Failure   Level
 Lesser Beckoning         Tloc           41%          0%          3
 Teleport Other           Tloc           83%          0%          3
 Passage of Golubria      Tloc           N/A          0%          4
 Animate Skeleton         Necr           32%          3%          1
 Corona                   Hex            17%          3%          1
 Freeze                   Ice            64%          3%          1
 Magic Dart               Conj           68%          3%          1
 Pain                     Necr           64%          3%          1
 Sandblast                Erth           32%          3%          1
 Summon Small Mammal      Summ           64%          3%          1
 Passwall                 Tmut/Erth      13%          5%          2
 Searing Ray              Conj           34%          5%          2
 Dazzling Flash           Conj/Hex       32%          11%         3
 Frozen Ramparts          Ice            32%          11%         3
 Ozocubu's Armour         Ice            16%          11%         3
 Stone Arrow              Conj/Erth      32%          11%         3
 Vampiric Draining        Necr           8%           11%         3
 Fulminant Prism          Conj/Hex       8%           34%         4
 Hailstorm                Conj/Ice       16%          34%         4
 Animate Dead             Necr           8%           36%         4
 Petrify                  Tmut/Erth      16%          36%         4
 Summon Ice Beast         Ice/Summ       16%          36%         4
 Agony                    Necr           16%          71%         5
 Lee's Rapid Deconstruct  Erth           8%           71%         5


Dungeon Overview and Level Annotations

Branches:
Dungeon (9/15)             Temple (1/1) D:6            Lair (5/6) D:9
 Shoals (0/4) Lair:3       Spider (0/4) Lair:2          Orc (0/2) D:9
  Slime: Lair:5-6

Altars:
Ashenzari
Cheibriados
Dithmenos
Elyvilon
Fedhas
Gozag
Hepliaklqana
Kikubaaqudgha
Makhleb
Nemelex Xobeh
Okawaru
Qazlal
Ru
Sif Muna
Trog
Uskayaw
Vehumet
Wu Jian
Xom
Yredelemnul
Zin
The Shining One

Shops:
D:8 *

Annotations:
Lair:5 Sonja
Abyss:1 Dowan, Duvessa, Erolcha


Innate Abilities, Weirdness & Mutations

You are very small and have problems with some larger weapons.
You are too small for most types of armour.
You have supernaturally acute eyesight. (SInv)
You cover ground extremely quickly.


Message History

The puff of frost hits you but does no damage.
The large abomination moves out of view.
Found 39 gold pieces.
A small abomination comes into view.
A fire bat comes into view.
A spatial vortex comes into view.
A spatial vortex comes into view.
A smoke demon comes into view.
The smoke demon roars!
The smoke demon gestures at you. The ball of steam misses you.
You are engulfed in a cloud of scalding steam.
A spatial vortex comes into view.
A spatial vortex comes into view.
Casting: Blink (safe; 0% risk of failure)
Confirm with . or Enter, or press ? or * to list all spells.
You blink.
The spatial maelstrom hits you but does no damage.
The spatial maelstrom hits you!!
You die...

#.#.#,,,.... .#{, * *, ,
, .#.#.###*#.S##..#**
,*, , . .. ..#.....#..#
, * , * ,
............... ,*
****,, , . .....
......#### * . * ,
§.....5...v.##..#§# ..#,
,,, .#.......$.
...#..##...#,* * #
#...##....###v.#...# ,,*
. ...#.....v.#@..##...#,
. ... ....x....v3##.# ##
* ,
............#####......,
, . .... ,....# * .#.###
, * .#.....#....
****..,.. ,,* # #.b,*##.
.## **#.#. .** ,,
.#.,..,*....#,, **..
*,** * .. .., .....#,* *
.#. ***, ,.,
{,.......,*,* ,,*,* , ,
*


You could see a spatial maelstrom, a spatial vortex, a mana viper, a smoke demon
and a small abomination.

Vanquished Creatures
  A hydra (Lair:5)
  A two-headed ogre (D:9)
  5 death yaks (Lair:3)
  Pikel (D:9)
  An orb spider (Lair:2)
  4 black mambas
  5 cane toads
  A rime drake (Lair:4)
  4 komodo dragons
  A troll (D:9)
  A raiju (Abyss:1)
  Grinder (D:4)
  Prince Ribbit (D:5)
  14 blink frogs
  5 dream sheep (Lair:4)
  6 wyverns
  A steam dragon (D:9)
  42 yaks
  A basilisk (Lair:4)
  Menkaure (D:4)
  9 water moccasins
  2 small abominations (Abyss:1)
  3 ice beasts (D:9)
  An orc warrior (D:9)
  2 black bears
  3 ogres
  6 wolves (Lair:4)
  A centaur (D:5)
  2 lemures (D:9)
  A big kobold (D:7)
  Blork the orc (D:5)
  12 bullfrogs
  12 killer bees
  2 howler monkeys
  An electric eel (Lair:3)
  2 quasits
  2 bullfrog zombies (D:5)
  2 hounds (D:9)
  A jelly (D:7)
  5 orc wizards
  Crazy Yiuf (D:2)
  2 orc priests (D:3)
  A centaur skeleton (D:5)
  A bullfrog skeleton (D:9)
  3 iguanas
  3 hell rats (Lair:5)
  3 worker ants
  12 adders
  2 shadow imps
  2 white imps
  An ooze (D:2)
  An adder zombie (D:5)
  5 worms
  5 dart slugs
  5 leopard geckos
  21 orcs
  2 ball pythons
  3 bats
  5 giant cockroaches
  2 goblins (D:3)
  13 hobgoblins
  16 jackals
  4 quokkas
  3 frilled lizards
  10 kobolds
  A leopard gecko skeleton (D:6)
  2 leopard gecko zombies (D:5)
  A quokka skeleton (D:5)
  9 rats
  A spectral orc (D:4)
307 creatures vanquished.

Vanquished Creatures (others)
  An orc wizard (D:3)
  53 fungi
  62 plants
116 creatures vanquished.

Grand Total: 423 creatures vanquished

Notes
Turn   | Place    | Note
-------+----------+-------------------------------------------
     0 | D:1      | Welwordion the Spriggan Warper began the quest for the Orb.
     0 | D:1      | Reached XP level 1. HP: 10/10 MP: 5/5
   383 | D:1      | Reached XP level 2. HP: 13/14 MP: 6/6
   392 | D:1      | Learned a level 2 spell: Blink
   425 | D:1      | Reached skill level 5 in Translocations
   873 | D:1      | Reached XP level 3. HP: 18/18 MP: 8/8
   977 | D:1      | Found a glowing golden altar of the Shining One.
  1228 | D:2      | Learned a level 3 spell: Gell's Gravitas
  1676 | D:2      | Found a runed translucent door.
  1683 | D:2      | Noticed Crazy Yiuf
  1754 | D:2      | Reached skill level 5 in Dodging
  1754 | D:2      | Reached XP level 4. HP: 19/22 MP: 9/9
  1769 | D:2      | Found a sacrificial altar of Ru.
  2029 | D:3      | HP: 1/22 [orc priest/divine providence (12)]
  2444 | D:3      | Reached skill level 6 in Translocations
  2628 | D:3      | HP: 1/22 [orc/+0 flail (9)]
  3237 | D:4      | Noticed Duvessa
  3237 | D:4      | Noticed Dowan
  3472 | D:2      | Killed Crazy Yiuf
  3473 | D:2      | Reached XP level 5. HP: 25/25 MP: 11/11
  3614 | D:3      | Found a shimmering blue altar of Sif Muna.
  3642 | D:3      | Reached XP level 6. HP: 20/30 MP: 4/12
  3666 | D:3      | Learned a level 1 spell: Apportation
  3668 | D:3      | Identified Sif Muna's Tome of Evil Rites
  3766 | D:3      | Reached skill level 7 in Translocations
  3808 | D:3      | Found a blossoming altar of Fedhas.
  3813 | D:3      | Found an iron altar of Okawaru.
  3816 | D:3      | Found a white marble altar of Elyvilon.
  3821 | D:3      | Became a worshipper of Elyvilon the Healer
  4278 | D:4      | Noticed Menkaure
  4403 | D:4      | Noticed Grinder
  4507 | D:4      | Killed Grinder
  4508 | D:4      | Reached skill level 8 in Translocations
  4508 | D:4      | Reached XP level 7. HP: 15/33 MP: 13/15
  4757 | D:4      | Killed Menkaure
  4758 | D:4      | Reached skill level 5 in Spellcasting
  5198 | D:4      | Banished Dowan
  5203 | D:4      | Banished Duvessa
  5209 | D:4      | Reached * piety under Elyvilon
  5223 | D:4      | Reached skill level 9 in Translocations
  5554 | D:4      | Found a basalt altar of Yredelemnul.
  5612 | D:5      | Entered Level 5 of the Dungeon
  5612 | D:5      | Noticed Blork the orc
  5624 | D:5      | Killed Blork the orc
  5680 | D:5      | Reached XP level 8. HP: 37/37 MP: 4/18
  5739 | D:5      | Found a radiant altar of Vehumet.
  5879 | D:5      | Reached skill level 10 in Translocations
  6288 | D:5      | Noticed Prince Ribbit
  6308 | D:5      | Killed Prince Ribbit
  6309 | D:5      | Reached skill level 1 in Evocations
  6751 | D:5      | Reached ** piety under Elyvilon
  6763 | D:5      | Got a brightly glowing copper amulet
  6774 | D:5      | Identified the amulet of Qek Jugg {Acrobat Int+2} (You
                  | found it on level 5 of the Dungeon)
  6925 | D:5      | Reached skill level 11 in Translocations
  7028 | D:6      | Reached XP level 9. HP: 25/41 MP: 17/21
  7268 | D:6      | Found a sparkling altar of Nemelex Xobeh.
  7374 | D:6      | Found a staircase to the Ecumenical Temple.
  7399 | Temple   | Entered the Ecumenical Temple
  7418 | Temple   | Fell from the grace of Elyvilon
  7418 | Temple   | Became a worshipper of Ashenzari the Shackled
  8792 | D:7      | Reached * piety under Ashenzari
  9143 | D:8      | Found a sacrificial altar of Ru.
  9171 | D:8      | Found Ividis's Assorted Antiques.
  9180 | D:8      | Bought a leatherbound book for 330 gold pieces
  9185 | D:8      | Learned a level 4 spell: Iskenderun's Mystic Blast
  9452 | D:8      | Reached skill level 12 in Translocations
  9968 | D:9      | Reached skill level 10 in Dodging
  9996 | D:9      | Reached ** piety under Ashenzari
 10010 | D:9      | Reached skill level 13 in Translocations
 10015 | D:9      | Noticed a two-headed ogre
 10270 | D:9      | Found a staircase to the Orcish Mines.
 10279 | D:9      | Noticed a troll
 10281 | D:9      | Reached skill level 5 in Evocations
 10555 | D:9      | Killed a troll
 10556 | D:9      | Reached XP level 10. HP: 45/46 MP: 4/24
 10704 | D:9      | Reached skill level 14 in Translocations
 10951 | D:9      | Noticed Pikel
 10965 | D:9      | Found a staircase to the Lair.
 10990 | D:9      | Killed Pikel
 10991 | D:9      | Reached skill level 10 in Spellcasting
 11000 | D:9      | Noticed Erolcha
 11002 | D:9      | Killed a two-headed ogre
 11071 | D:9      | Banished Erolcha
 11072 | D:9      | Reached skill level 15 in Translocations
 11131 | D:9      | Found a shimmering altar of Xom.
 11131 | D:9      | Found a shimmering altar of Xom.
 11132 | D:9      | Found a shimmering altar of Xom.
 11132 | D:9      | Found a shimmering altar of Xom.
 11133 | D:9      | Found a shimmering altar of Xom.
 11133 | D:9      | Found a shimmering altar of Xom.
 11491 | D:9      | Noticed a moth of wrath
 11608 | Lair:1   | Entered Level 1 of the Lair of Beasts
 11704 | Lair:1   | Noticed a cane toad
 11712 | Lair:1   | Noticed a four-headed hydra
 11844 | Lair:1   | Killed a cane toad
 11845 | Lair:1   | Reached XP level 11. HP: 49/49 MP: 21/26
 12055 | Lair:1   | Reached skill level 16 in Translocations
 12263 | Lair:1   | Reached *** piety under Ashenzari
 12850 | Lair:2   | HP: 1/49 [komodo dragon (22)]
 12985 | Lair:2   | Reached skill level 17 in Translocations
 13400 | Lair:2   | Found a hole to the Spider Nest.
 13400 | Lair:2   | Noticed an orb spider
 13572 | Lair:2   | Killed an orb spider
 13616 | Lair:2   | Reached **** piety under Ashenzari
 14060 | Lair:3   | Reached skill level 18 in Translocations
 14604 | Lair:3   | Found a staircase to the Shoals.
 14678 | Lair:3   | Noticed a death yak
 14684 | Lair:3   | Noticed a death yak
 14685 | Lair:3   | Noticed a death yak
 14693 | Lair:3   | Noticed a death yak
 14693 | Lair:3   | Noticed a death yak
 14726 | Lair:3   | Killed a death yak
 14740 | Lair:3   | Killed a death yak
 14740 | Lair:3   | Killed a death yak
 14741 | Lair:3   | Reached XP level 12. HP: 37/53 MP: 25/29
 14772 | Lair:3   | Killed a death yak
 14806 | Lair:3   | Killed a death yak
 14807 | Lair:3   | Reached skill level 19 in Translocations
 14972 | Lair:4   | Reached ***** piety under Ashenzari
 14986 | Lair:4   | Noticed a boulder beetle
 15599 | Lair:4   | Reached skill level 20 in Translocations
 15911 | Lair:4   | Noticed a six-headed hydra
 16207 | Lair:5   | Noticed Sonja
 16293 | Lair:5   | Identified the +4 quarterstaff "Lidiwot" {pain, *Slow +Rage
                  | +Fly SInv}
 16551 | Lair:5   | Noticed an eight-headed hydra
 16605 | Lair:5   | Noticed a six-headed hydra
 16612 | Lair:5   | Reached XP level 13. HP: 33/57 MP: 11/32
 16968 | Lair:5   | Cast into level 1 of the Abyss (Sonja)
 16977 | Abyss:1  | Found a corrupted altar of Lugonu.
 17045 | Abyss:1  | Noticed a starcursed mass
 17053 | Abyss:1  | HP: 2/57 [starcursed mass/accursed screaming (10)]
 17057 | Abyss:1  | Paralysed by accursed screaming for 1 turns
 17090 | Abyss:1  | Mangled by a spatial maelstrom

Illustrated notes

Levels and vault maps discovered:
D:1:      dpeg_arrival_arbitrary_b, layout_basic, tso_altar
D:2:      layout_rooms, nicolae_ru_awakened_eye, uniq_crazy_yiuf_cottage
D:3:      layout_basic, grunt_temple_overflow_diamond, led_sif_book
D:4:      layout_loops_ring, yredelemnul_forgotten_temple_becter,
          minmay_between, uniq_menkaure, uniq_duvessa, uniq_grinder
D:5:      layout_basic, vehumet_altar_wand_db, uniq_prince_ribbit1,
          uniq_blork_the_orc
D:6:      layout_loops_ring, nemelex_xobeh_ov_fountains_minmay,
          minmay_temple_entry_drinking_statues
D:7:      layout_loops_corners, minivault_11
D:8:      layout_cave_pods, overflow_temple_1_default, serial_shops,
          nicolae_shop_statue_plus
D:9:      layout_cave_pools, xom_shifter_show, due_lair_maze_entry_diamond,
          orc_0_dummy, minivault_20, uniq_pikel, uniq_erolcha
Temple:   nicolae_temple_figure_eight
Lair:1:   layout_cave_pods, lemuel_fruit_tree, grunt_megastairs_4
Lair:2:   layout_regular_city, nicolae_spider_entry_orb_guardian,
          chequers_serial_rivers_micro_d
Lair:3:   layout_regular_city, elwin_shoals_entry_rooms,
          infiniplex_staircase_pool
Lair:4:   layout_cave_pods
Lair:5:   layout_loops_ring, special_room [special_room_mythical_zoo],
          beast_lair_carwin_2, uniq_sonja
Abyss:1:  base:
D:4

Skill      XL: |  1  2  3  4  5  6  7  8  9 10 11 12 |
---------------+-------------------------------------+-----
Translocations | 5 6 8 9 11 13 15 18 20 | 20.8
Dodging        | 4 5 6 7 8 9 10 11 12 | 12.9
Spellcasting   | 3 4 6 7 9 10 12 14 | 14.1
Evocations     | 3 5 |  5.6
Fighting       | |  1.5
Short Blades   | |  2.1
Throwing       | |  1.0
Conjurations   | |  0.1

Action                   |  1- 3 |  4- 6 |  7- 9 | 10-12 | 13-15 || total
-------------------------+-------+-------+-------+-------+-------++-------
Melee: Short sword       |   150 |    58 |       |       |       ||   208
       Dagger            |     5 |    99 |   198 |   299 |    19 ||   620
       Mace              |     4 |       |       |       |       ||     4
       Quarterstaff      |       |       |       |       |    13 ||    13
 Fire: Hunting sling     |     9 |       |       |       |       ||     9
Throw: Dart              |       |     8 |     2 |     3 |     2 ||    15
 Cast: Gell's Gravitas   |     1 |    10 |    43 |    98 |     7 ||   159
       Blink             |       |     2 |     4 |     3 |     5 ||    14
       Apportation       |       |     1 |       |       |       ||     1
       Iskenderun's Myst |       |       |    15 |    35 |     8 ||    58
Invok: Curse Item        |       |       |     4 |     2 |       ||     6
Evoke: Wand              |       |       |     1 |     9 |     2 ||    12
  Use: Scroll            |     2 |    10 |     5 |     7 |     5 ||    29
       Potion            |       |       |       |     6 |     5 ||    11
 Stab: Sleeping          |     3 |     3 |     4 |     4 |       ||    14
       Distracted        |       |     1 |       |       |       ||     1
Armor: Robe              |    16 |    14 |    23 |    33 |    13 ||    99
Dodge: Dodged            |   147 |   126 |   232 |   511 |   129 ||  1145
Block: Buckler           |       |       |     4 |       |       ||     4
